 Dungeon Crawl Stone Soup version 0.31.0-9-g3a7656b989 (webtiles) character file.

Game seed: 12623832679900909296

94 Amplified the Vexing (level 4, -4/34 HPs)
             Began as a Demonspawn Enchanter on Jan 28, 2024.
             Killed by divine providence
             ... invoked by an orc priest
              (7 damage)
             ... on level 3 of the Dungeon.
             The game lasted 00:04:10 (2300 turns).

Amplified the Vexing (Demonspawn Enchanter)         Turns: 2300, Time: 00:04:11

Health: -4/34      AC:  8    Str: 10    XL:     4   Next: 38%
Magic:  7/7        EV:  5    Int: 15    God:
Gold:   107        SH:  0    Dex: 14    Spells: 7/7 levels left

rFire   . . .        i - +0 whip
rCold   . . .        (no shield)
rNeg    . . .        h - +0 chain mail
rPois   .            (helmet restricted)
rElec   .            (no cloak)
rCorr   .            (no gloves)
SInv    .            (no boots)
Will    .....        (no amulet) Stlth
                     (no ring)
HPRegen 0.25/turn    (no ring)
MPRegen 0.10/turn

%: no passive effects
@: no status effects
A: antennae 2, powered by pain 1
a: no special abilities


You were on level 3 of the Dungeon.
You visited 1 branch of the dungeon, and saw 4 of its levels.

You collected 107 gold pieces.

Inventory:

Hand Weapons
 a - a +1 dagger
 i - a +0 whip (weapon)
Missiles
 d - a poisoned dart (quivered)
Armour
 b - a +0 robe
 g - a +0 leather armour
 h - a +0 chain mail (worn)


   Skills:
 * Level 2.3 Fighting
 - Level 0.8 Short Blades
 * Level 1.5 Maces & Flails
 * Level 2.9 Dodging
 - Level 2.6 Stealth
 - Level 2.0 Spellcasting
 - Level 3.0 Hexes


You had 7 spell levels left.
You didn't know any spells.
Your spell library contained the following spells:

 Spells                   Type           Power      Damage    Failure   Level
 Apportation              Tloc           2%         N/A       100%        1
 Necrotise                Necr           4%         1d4       100%        1
 Sting                    Conj/Alch      4%         1d3       100%        1
 Summon Small Mammal      Summ           4%         N/A       100%        1
 Ensorcelled Hibernation  Hex/Ice        12%        N/A       100%        2
 Confusing Touch          Hex            10%        N/A       100%        3
 Dazzling Flash           Conj/Hex       12%        N/A       100%        3
 Inner Flame              Hex/Fire       6%         N/A       100%        3
 Tukima's Dance           Hex            10%        N/A       100%        3
 Irradiate                Conj/Alch      0%         3d11      100%        5
 Conjure Ball Lightning   Conj/Air       0%         3x3d6     100%        6
 Discord                  Hex            5%         N/A       100%        8
 Disjunction              Tloc           0%         N/A       100%        8
 Ignition                 Fire           0%         3d3       100%        8


Dungeon Overview and Level Annotations

Branches:
Dungeon (4/15)
 Temple: D:4-7

Altars:

Shops:
D:3 :


Innate Abilities, Weirdness & Mutations

You have a pair of antennae on your head.
You sometimes gain a little power by taking damage.


Message History

The giant cockroach bites you but does no damage.
Unknown command.
The giant cockroach attacks as it pursues you!
The giant cockroach bites you.
* * * LOW HITPOINT WARNING * * *
The giant cockroach attacks as it pursues you!
The giant cockroach barely misses you. The giant cockroach bites you.
* * * LOW HITPOINT WARNING * * *
Unknown command.
Unknown command.
Unknown command.
The giant cockroach attacks as it pursues you!
The giant cockroach bites you but does no damage.
Unknown command.
Unknown command.
Unknown command.
Unknown command.
Unknown command.
Unknown command.
The giant cockroach attacks as it pursues you!
The giant cockroach bites you but does no damage.
The orc priest looks encouraged for a moment.
Unknown command.
Unknown command.
The giant cockroach bites you.
* * * LOW HITPOINT WARNING * * *
Unknown command.
The giant cockroach barely misses you.
Things that are here:
a jackal skeleton; a hobgoblin skeleton Unknown command.
The giant cockroach barely misses you.
The giant cockroach attacks as it pursues you!
The giant cockroach bites you but does no damage.
The giant cockroach attacks as it pursues you!
The giant cockroach bites you.
* * * LOW HITPOINT WARNING * * *
The orc priest calls down the wrath of Beogh upon you.
Beogh smites you!
You die...

### ..# ###### #.# #....# #.#
#....# #.# ##....#### #.#
##......... #.# #######o....go...
########.###.....#o...##....
.....>.....@BoK.÷og.........
######...........#.#........
..........##.#####.#..##....
############..........[..........
...........#.####.#####..........
#..........#.# #.# #.#.###....
#.##########.# #.# #..........
.<...........# #.#######..#.....
##).........#####..........'..†..


You could see an orc priest, a gnoll, 2 orcs, a giant cockroach and a kobold.

Vanquished Creatures
  A gnoll (D:3)
  4 adders (D:2)
  A dart slug (D:2)
  3 ribbon worms
  2 endoplasms (D:1)
  A giant cockroach (D:1)
  2 goblins (D:1)
  5 hobgoblins
  4 jackals (D:3)
  7 kobolds
  A quokka (D:2)
  3 ball pythons
  3 bats
  3 frilled lizards
  6 rats
46 creatures vanquished.

Notes
Turn   | Place    | Note
-------+----------+-------------------------------------------
     0 | D:1      | Amplified the Demonspawn Enchanter began the quest for the
                  | Orb.
     0 | D:1      | Reached XP level 1. HP: 13/13 MP: 3/3
   168 | D:1      | Reached skill level 1 in Fighting
   206 | D:1      | Gained mutation: You sometimes gain a little power by
                  | taking damage. [demonic ancestry]
   206 | D:1      | Reached XP level 2. HP: 21/21 MP: 5/5
  1075 | D:2      | Gained mutation: You have a pair of small antennae on your
                  | head. [demonic ancestry]
  1075 | D:2      | Reached XP level 3. HP: 19/27 MP: 6/6
  1323 | D:2      | Reached skill level 1 in Maces & Flails
  1562 | D:2      | Gained mutation: You have a pair of antennae on your head.
                  | [demonic ancestry]
  1562 | D:2      | Reached XP level 4. HP: 29/33 MP: 7/7
  2035 | D:3      | Found Eploa's Book Boutique.
  2231 | D:4      | Noticed a phantom
  2300 | D:3      | Killed from afar by an orc priest

Illustrated notes

Levels and vault maps discovered:
D:1:      lemuel_arrival_room, layout_basic, serial_bayou_ford_a
D:2:      layout_loops_ring
D:3:      layout_basic, makhleb_altar_promises_db, serial_shops, shop_fountains
D:4:      layout_cave_pools, temple_pool_b

Skill      XL: |  1  2  3 |
---------------+----------+-----
Dodging        | 2 |  2.9
Fighting       | 1 2 |  2.3
Maces & Flails | 1 |  1.5
Short Blades   | |  0.8
Stealth        | |  2.6
Spellcasting   | |  2.0
Hexes          | |  3.0

Action                     |  1- 3 |  4- 6 || total
---------------------------+-------+-------++-------
  Melee: Dagger            |    49 |       ||    49
         Whip              |   118 |    87 ||   205
         Punch             |     1 |     1 ||     2
  Throw: Dart              |     2 |     1 ||     3
    Use: Potion            |     2 |     4 ||     6
         Scroll            |     2 |     3 ||     5
   Stab: Sleeping          |     2 |       ||     2
         Invisible         |     3 |     2 ||     5
 Armour: Robe              |    19 |       ||    19
         Chain mail        |   135 |   124 ||   259
  Dodge: Dodged            |    57 |    37 ||    94
